 Dungeon Sprint DCSS version 0.21-a0-94-gdd6ab6a (webtiles) character file.

3063 Kidiri the Covert (level 9, 0/45 (47) HPs)
             Began as a Spriggan Enchanter on July 1, 2017.
             Was a Priest of Dithmenos.
             Succumbed to a death drake's dark miasma
             ... in the Dungeon (Sprint II: "The Violet Keep of Menkaure").
             The game lasted 00:07:51 (1206 turns).

Kidiri the Covert (Spriggan Enchanter)              Turns: 1206, Time: 00:07:52

HP:   0/45 (47)     AC:  2    Str:  4    XL:     9   Next: 57%
MP:   2/25          EV: 29    Int: 18    God:    Dithmenos [***...]
Gold: 156           SH: 11    Dex: 18    Spells: 18/30 levels left

rFire    . . .     SeeInvis +   a - +1 dagger
rCold    . . .     Gourm    .   i - +0 buckler
rNeg     . . .     Faith    .   b - +0 robe
rPois    .         Spirit   .   (helmet restricted)
rElec    .         Reflect  +   (no cloak)
rCorr    .         Harm     .   (gloves unavailable)
MR       +....     NoTele   +   (boots unavailable)
Stlth    ++++++++..             e - +5 amulet of reflection
HPRegen  0.15/turn              f - ring of flight
MPRegen  0.19/turn              (no ring)

@: lethally poisoned (0 -> -15), very slightly contaminated, wreathed by umbra,
very quick
A: unfitting armour, see invisible, herbivore 3, speed 3, slow metabolism 2
a: Shadow Step, Renounce Religion, Evoke Flight


You were in the Dungeon.
You worshipped Dithmenos.
Dithmenos was most pleased with you.
You were not hungry.

You visited 1 branch You collected 1067 gold pieces.
You spent 911 gold pieces at shops.

Inventory:

Hand Weapons
 a - a +1 dagger (weapon)
Armour
 b - a +0 robe (worn)
 i - a +0 buckler (worn)
Jewellery
 e - a +5 amulet of reflection (around neck)
 f - a ring of flight (left hand)
Potions
 g - a potion of haste
 h - a potion of magic
Books
 c - a book of Maledictions

   Spells                             Type                      Level
   a - Corona                         Hexes                        1
   b - Ensorcelled Hibernation        Hexes/Ice                    2
   c - Confuse                        Hexes                        3
   d - Tukima's Dance                 Hexes                        3
   e - Dazzling Spray                 Conjuration/Hexes            3
Comestibles
 d - a bread ration


   Skills:
 + Level 5.3 Fighting
 * Level 10.1 Short Blades
 + Level 4.9 Armour
 * Level 13.0 Dodging
 * Level 14.2 Stealth
 + Level 2.1 Shields
 * Level 11.3 Spellcasting
 + Level 8.9 Hexes
 + Level 3.0 Invocations
 + Level 4.0 Evocations


You had 18 spell levels left.
You knew the following spells:

 Your Spells              Type           Power        Failure   Level  Hunger
a - Corona                Hex            #####..      1%          1    None
b - Ensorcelled Hibernat  Hex/Ice        ####..       2%          2    None
c - Confuse               Hex            #####...     1%          3    None
d - Tukima's Dance        Hex            #####...     1%          3    None
e - Dazzling Spray        Conj/Hex       ####..       4%          3    None


Dungeon Overview and Level Annotations

Branches:
Dungeon (1/1)

Altars:
Cheibriados
Dithmenos
Elyvilon
Fedhas
Gozag
Hepliaklqana
Kikubaaqudgha
Makhleb
Nemelex Xobeh
Okawaru
Qazlal
Ru
Sif Muna
Trog
Uskayaw
Vehumet
Wu Jian
Xom
Yredelemnul
Zin
The Shining One
Beogh
Jiyva
Lugonu

Shops:
D [(:=%=[[!!=}(?*:

Annotations:
D exclusion: oklob plant


Innate Abilities, Weirdness & Mutations

You are very small and have problems with some larger weapons.
You are too small for most types of armour.
You have supernaturally acute eyesight. (SInv)
You are a herbivore.
You cover ground extremely quickly.
You need consume almost no food.


Message History

You feel sick. You block the hippogriff's attack.
The hippogriff completely misses you. The hippogriff misses you.
Unknown command.
* * * LOW HITPOINT WARNING * * *
You feel sick.
There is a basalt altar of Yredelemnul here.
Unknown command.
Press < or > to pray at altars.
Okay, then.
Unknown command.
Press < or > to pray at altars.
Casting: Ensorcelled Hibernation
Confirm with . or Enter, or press ? or * to list all spells.
Aiming: Dazzling Spray
Press: ? - help, Shift-Dir - straight line, f/p - hippogriff
Aim: a hippogriff (moderately wounded, umbra)
The spray of energy hits the hippogriff.
The hippogriff is heavily wounded.
The hippogriff is dazzled.
You die...

.####..#####..##.#▓%)%$=)!
###.##..#..'..#..#▓$($$(?[
##.#.#..# #..#..#▓$(![!?!
.+##.+..####..##)#▓($[[!($
###..#....###.†.##▓▓▓▓▓▓▓+
###.##......≈≈≈≈≈≈≈≈≈≈≈≈≈.
.####≈≈..§..≈#†########+##
.%#§≈≈≈≈§≈..≈#H.._._._#≈§§
###≈≈≈≈§§§≈.≈#_†@._._.#§≈≈
##≈≈≈≈≈≈§§§≈≈#._._._._#§≈§
≈≈≈≈≈≈≈§§§§≈≈#_._._._.#§≈t
+++#≈≈§≈§§§≈≈#._._._..#§§§
≈§ ##≈§≈###≈≈#_._._...#≈§§
§§§§ #§≈#._._....#≈§≈
≈≈§§§+ #≈≈#.._.....#§§≈
≈≈≈≈## ≈≈≈≈##########≈§§
≈≈§## #####≈≈≈≈≈≈≈≈≈§≈≈


You could see a hippogriff (blind).

Vanquished Creatures
  A death drake (D)
  A merfolk siren (D)
  A yaktaur (D)
  3 polar bears (D)
  A hornet (D)
  2 hippogriffs (D)
  4 neqoxecs (D)
  A vampire mosquito (D)
  Menkaure (D)
  2 swamp drakes (D)
  4 necrophages (D)
  4 worker ants (D)
25 creatures vanquished.

Vanquished Creatures (others)
  A crocodile (D)
1 creature vanquished.

Grand Total: 26 creatures vanquished

Notes
Turn   | Place    | Note
-------+----------+-------------------------------------------
     0 | D        | Kidiri the Spriggan Enchanter began the quest for the Orb.
     0 | D        | Reached XP level 1. HP: 9/9 MP: 5/5
     1 | D        | Noticed a necrophage
     1 | D        | Noticed a necrophage
     1 | D        | Noticed a necrophage
     1 | D        | Noticed a necrophage
    12 | D        | Killed a necrophage
    12 | D        | Reached skill level 1 in Fighting
    12 | D        | Reached skill level 1 in Armour
    12 | D        | Reached skill level 5 in Dodging
    12 | D        | Reached skill level 6 in Stealth
    12 | D        | Reached skill level 5 in Spellcasting
    12 | D        | Reached XP level 2. HP: 15/15 MP: 6/9
    12 | D        | Reached XP level 3. HP: 18/18 MP: 6/10
    12 | D        | Reached XP level 4. HP: 23/23 MP: 7/12
    20 | D        | Killed a necrophage
    20 | D        | Reached skill level 5 in Short Blades
    20 | D        | Reached skill level 8 in Stealth
    20 | D        | Reached skill level 5 in Hexes
    20 | D        | Reached XP level 5. HP: 26/26 MP: 7/14
    55 | D        | Killed a necrophage
    55 | D        | Reached skill level 9 in Stealth
    85 | D        | Killed a crocodile
    86 | D        | Killed a necrophage
    86 | D        | Reached XP level 6. HP: 11/31 MP: 17/17
   101 | D        | Learned a level 2 spell: Ensorcelled Hibernation
   105 | D        | Learned a level 3 spell: Confuse
   109 | D        | Learned a level 3 spell: Tukima's Dance
   113 | D        | Learned a level 3 spell: Dazzling Spray
   341 | D        | Reached skill level 10 in Stealth
   378 | D        | Noticed a merfolk siren
   382 | D        | Noticed a neqoxec
   415 | D        | Killed a merfolk siren
   415 | D        | Reached skill level 10 in Dodging
   415 | D        | Reached skill level 11 in Stealth
   415 | D        | Reached XP level 7. HP: 23/36 MP: 1/20
   531 | D        | Killed a neqoxec
   532 | D        | Noticed a neqoxec
   533 | D        | Killed a neqoxec
   534 | D        | Noticed a neqoxec
   534 | D        | Noticed a neqoxec
   536 | D        | Killed a neqoxec
   536 | D        | Reached skill level 12 in Stealth
   536 | D        | Reached XP level 8. HP: 41/41 MP: 22/22
   557 | D        | Noticed an obsidian statue
   559 | D        | Noticed Menkaure
   560 | D        | Found Naip's Assorted Antiques.
   560 | D        | Found Zougot's Book Shop.
   561 | D        | Killed Menkaure
   589 | D        | Found Fezosoiturgh's Gadget Shop.
   589 | D        | Found Fyr Inu's Magic Scroll Shop.
   590 | D        | Found Apnan's Distillery.
   590 | D        | Found Eggin's Jewellery Boutique.
   605 | D        | HP: 1/41 [vampire mosquito (3)]
   610 | D        | Reached skill level 10 in Spellcasting
   612 | D        | Found Qurhyu Ugee's Distillery.
   612 | D        | Found Loackoeth's Antique Armour Shop.
   917 | D        | Found Poepp's Antique Armour Shop.
   917 | D        | Found Gyeb's Weapon Boutique.
   917 | D        | Found Kixejuol's Jewellery Boutique.
   918 | D        | Noticed a great orb of eyes
   922 | D        | Found Gukhliacs's Food Boutique.
   922 | D        | Found Senyus's Jewellery Shop.
   922 | D        | Noticed an oklob plant
   923 | D        | Found Cauheegg's Antique Weapon Shop.
   923 | D        | Found Ruutt's Book Shoppe.
   923 | D        | Found Noazommo's Antique Armour Boutique.
   924 | D        | Noticed a slime creature
   949 | D        | Bought a +5 amulet of reflection for 576 gold pieces
   949 | D        | Bought an uncursed ring of flight for 245 gold pieces
   961 | D        | Bought a buckler for 90 gold pieces
  1009 | D        | Found a glowing golden altar of the Shining One.
  1009 | D        | Found an ornate altar of the Wu Jian Council.
  1010 | D        | Found a shimmering altar of Xom.
  1010 | D        | Found a sacrificial altar of Ru.
  1011 | D        | Found a basalt altar of Yredelemnul.
  1011 | D        | Found a deep blue altar of Sif Muna.
  1012 | D        | Found a glowing silver altar of Zin.
  1012 | D        | Found a bloodstained altar of Trog.
  1012 | D        | Found an ancient bone altar of Kikubaaqudgha.
  1012 | D        | Found a stormy altar of Qazlal.
  1012 | D        | Found a viscous altar of Jiyva.
  1013 | D        | Found a hide-covered altar of Uskayaw.
  1013 | D        | Found a corrupted altar of Lugonu.
  1013 | D        | Found a shadowy altar of Dithmenos.
  1014 | D        | Found a radiant altar of Vehumet.
  1014 | D        | Found a burning altar of Makhleb.
  1014 | D        | Found a white marble altar of Elyvilon.
  1015 | D        | Found a sparkling altar of Nemelex Xobeh.
  1015 | D        | Found a blossoming altar of Fedhas.
  1018 | D        | Found an iron altar of Okawaru.
  1018 | D        | Found an opulent altar of Gozag.
  1018 | D        | Found a hazy altar of Hepliaklqana.
  1018 | D        | Found a snail-covered altar of Cheibriados.
  1018 | D        | Noticed a hornet
  1018 | D        | Noticed a polar bear
  1019 | D        | Found a roughly hewn altar of Beogh.
  1019 | D        | Noticed a yaktaur
  1020 | D        | Noticed a polar bear
  1025 | D        | Noticed a flying skull
  1029 | D        | Became a worshipper of Dithmenos the Shadowed
  1049 | D        | Killed a polar bear
  1049 | D        | Reached skill level 13 in Stealth
  1049 | D        | Reached skill level 1 in Invocations
  1049 | D        | Reached skill level 1 in Evocations
  1050 | D        | Noticed a polar bear
  1055 | D        | Killed a polar bear
  1059 | D        | Killed a hornet
  1059 | D        | Reached * piety under Dithmenos
  1059 | D        | Reached skill level 1 in Shields
  1059 | D        | Reached XP level 9. HP: 30/45 MP: 13/24
  1062 | D        | Killed a polar bear
  1062 | D        | Reached skill level 5 in Fighting
  1069 | D        | Killed a yaktaur
  1164 | D        | Noticed a death drake
  1182 | D        | Reached ** piety under Dithmenos
  1185 | D        | Reached skill level 14 in Stealth
  1193 | D        | Killed a death drake
  1193 | D        | Reached skill level 10 in Short Blades
  1203 | D        | Reached *** piety under Dithmenos
  1204 | D        | HP: 2/45 [poisoned by a death drake (dark miasma)]
  1206 | D        | Succumbed to a death drake's dark miasma

Vault maps used:
D:        the_violet_keep_of_menkaure

Skill      XL: |  1  2  3  4  5  6  7  8  9 |
---------------+----------------------------+-----
Fighting       | 1 2 3 4 5 |  5.3
Short Blades   | 3 5 6 7 8 9 10 | 10.1
Armour         | 1 2 3 4 |  4.9
Dodging        | 5 7 8 10 11 12 13 | 13.0
Stealth        | 6 8 9 11 12 13 14 | 14.2
Spellcasting   | 5 6 7 8 9 10 11 | 11.3
Hexes          | 4 5 6 7 8 |  8.9
Invocations    | 1 3 |  3.0
Evocations     | 2 4 |  4.0
Shields        | 1 2 |  2.1

Action                   |  1- 3 |  4- 6 |  7- 9 || total
-------------------------+-------+-------+-------++-------
Melee: Dagger            |     7 |    95 |    34 ||   136
 Cast: Ensorcelled Hiber |       |     3 |    12 ||    15
       Dazzling Spray    |       |     2 |    17 ||    19
       Tukima's Dance    |       |     2 |       ||     2
       Corona            |       |     1 |       ||     1
       Confuse           |       |       |     4 ||     4
  Use: Potion            |     1 |     2 |     1 ||     4
       Scroll            |       |       |     1 ||     1
 Stab: Sleeping          |       |     4 |     8 ||    12
       Distracted        |       |     1 |       ||     1
       Confused          |       |       |     5 ||     5
       Invisible         |       |       |     2 ||     2
Armor: Robe              |       |     2 |     1 ||     3
Dodge: Dodged            |     5 |    52 |    53 ||   110
Block: Buckler           |       |       |    15 ||    15
